 Dungeon Crawl Stone Soup version 0.30.0-29-ga12c61a403 (webtiles) character file.

Game seed: 1169712909436478739

223408 klichko the Ninja (level 19, -5/126 HPs)
             Began as an Octopode Enchanter on June 10, 2023.
             Was the Champion of Dithmenos.
             Slain by a merfolk
             ... wielding a +0 trident
              (35 damage)
             ... on level 4 of the Shoals.
             The game lasted 02:28:01 (31914 turns).

klichko the Ninja (Octopode Enchanter)             Turns: 31914, Time: 02:28:01

Health: -5/126     AC: 21    Str: 13    XL:     19   Next: 26%
Magic:  25/25      EV:  2    Int: 15    God:    Dithmenos [******]
Gold:   3166       SH:  0    Dex: 21    Spells: 22/30 levels left

rFire   + . .        A - +9 quick blade (protect)
rCold   + + .        Q - +3 buckler {AC+3}
rNeg    + . .        N - +2 hat {SInv}
rPois   +            v - amulet of reflection
rElec   .            c - ring "Vonah" {*Slow rCorr AC+4 Str+2 Dex+3}
rCorr   +            O - +4 ring of protection
SInv    +            F - ring "Vareud" {rPois rC++ Int-3 Slay+6 Stlth-}
Will    +....        K - +5 ring of evasion Stlth #*********
                     t - ring of poison resistance
HPRegen 1.21/turn    S - ring of protection from fire
MPRegen 0.19/turn    U - ring of flight
                     C - ring of positive energy

%: slow self (1%), reflection
@: sleeping, spiked, under a protective aura, flying, wreathed by umbra
A: almost no armour, amphibious, 8 rings, camouflage 1, gelatinous body 1,
nimble swimmer 1, tentacles, low MP 1, regeneration 1, strong 1
}: 1/15 runes: gossamer
a: Renounce Religion, Shadow Step, Shadow Form


You were on level 4 of the Shoals.
You worshipped Dithmenos.
Dithmenos was exalted by your worship.
You visited 5 branches of the dungeon, and saw 30 of its levels.

You collected 3400 gold pieces.
You spent 234 gold pieces at shops.

Inventory:

Hand Weapons
 e - a +8 dagger of electrocution
 A - a +9 quick blade of protection (weapon)
Missiles
 m - 5 atropa-tipped darts (quivered)
 r - 25 poisoned darts
 X - 2 throwing nets
Armour
 N - a +2 hat of see invisible (worn)
 Q - a +3 buckler of protection (worn)
Jewellery
 c - the ring "Vonah" (left tentacle) {*Slow rCorr AC+4 Str+2 Dex+3}
   (You acquired it on level 2 of the Dungeon)

   [ring of protection]

   AC:        It affects your AC (+4).
   Str:       It affects your strength (+2).
   Dex:       It affects your dexterity (+3).
   rCorr:     It protects you from acid and corrosion.
   *Slow:     It may slow you when you take damage.
 t - a ring of poison resistance (on tentacle)
 v - an amulet of reflection (around mantle)
 x - a ring of see invisible
 C - a ring of positive energy (on tentacle)
 D - an amulet of guardian spirit
 F - the ring "Vareud" (on tentacle) {rPois rC++ Int-3 Slay+6 Stlth-}
   (You acquired it on level 9 of the Dungeon)

   [ring of poison resistance]

   Int:       It affects your intelligence (-3).
   Slay:      It affects your accuracy & damage with ranged weapons and melee
   (+6).
   rC:        It greatly protects you from cold.
   rPois:     It protects you from poison.
   Stlth:     It makes you less stealthy.
 K - a +5 ring of evasion (on tentacle)
 O - a +4 ring of protection (right tentacle)
 S - a ring of protection from fire (on tentacle)
 U - a ring of flight (on tentacle)
Wands
 b - a wand of acid (8)
 d - a wand of roots (42)
 i - a wand of digging (9)
 q - a wand of mindburst (28)
 w - a wand of flame (37)
 y - a wand of polymorph (12)
 J - a wand of paralysis (13)
Scrolls
 a - 3 scrolls of enchant armour
 f - 9 scrolls of teleportation
 u - 17 scrolls of identify
 z - a scroll of magic mapping
 B - 4 scrolls of poison
 E - 3 scrolls of amnesia
 H - 2 scrolls of fog
 V - 3 scrolls of silence
 Z - a scroll of acquirement
Potions
 g - 5 potions of curing
 h - 3 potions of cancellation
 j - 4 potions of degeneration
 k - 4 potions of might
 l - 11 potions of brilliance
 n - 6 potions of ambrosia
 o - 6 potions of heal wounds
 p - 6 potions of attraction
 s - 3 potions of magic
 G - 2 potions of flight
 M - 3 potions of invisibility
 R - 2 potions of lignification
 W - 4 potions of resistance
 Y - 5 potions of haste
Miscellaneous
 I - a phantom mirror
 L - a phial of floods
 T - a condenser vane


   Skills:
 + Level 10.2 Fighting
 + Level 11.7 Short Blades
 + Level 3.1 Throwing
 + Level 13.2 Dodging
 O Level 27 Stealth
 + Level 11.8 Shields
 + Level 6.2 Spellcasting
 + Level 1.9 Conjurations
 + Level 7.7 Hexes
 + Level 5.5 Ice Magic
 * Level 11.2 Invocations


You had 22 spell levels left.
You knew the following spells:

 Your Spells              Type           Power      Damage    Failure   Level
a - Ensorcelled Hibernat  Hex/Ice        48%        N/A       1%          2
b - Tukima's Dance        Hex            27%        N/A       2%          3
c - Dazzling Flash        Conj/Hex       38%        N/A       7%          3

Your spell library contained the following spells:

 Spells                   Type           Power      Damage    Failure   Level
 Freeze                   Ice            84%        1d9       1%          1
 Confusing Touch          Hex            27%        N/A       2%          3
 Frozen Ramparts          Ice            42%        1d7       5%          3
 Magic Dart               Conj           40%        1d5       8%          1
 Hailstorm                Conj/Ice       15%        3d5       11%         3
 Inner Flame              Hex/Fire       16%        N/A       11%         3
 Portal Projectile        Hex/Tloc       32%        N/A       11%         3
 Summon Guardian Golem    Hex/Summ       16%        N/A       11%         3
 Searing Ray              Conj           20%        2d5       12%         2
 Apportation              Tloc           8%         N/A       17%         1
 Necrotise                Necr           16%        1d4       17%         1
 Sandblast                Erth           8%         2d5       17%         1
 Summon Small Mammal      Summ           16%        N/A       17%         1
 Fulminant Prism          Conj/Hex       9%         3d6       24%         4
 Passwall                 Tmut/Erth      3%         N/A       26%         2
 Poisonous Vapours        Pois/Air       8%         N/A       26%         2
 Stone Arrow              Conj/Erth      14%        3d7       34%         3
 Anguish                  Hex/Necr       8%         N/A       34%         4
 Mephitic Cloud           Conj/Pois/Air  6%         N/A       36%         3
 Call Canine Familiar     Summ           4%         N/A       45%         3
 Ignite Poison            Fire/Tmut/Pois 4%         N/A       45%         3
 Spider Form              Tmut/Pois      4%         N/A       45%         3
 Vhi's Electric Charge    Tloc/Air       8%         N/A       45%         3
 Ice Form                 Ice/Tmut       13%        N/A       47%         4
 Summon Ice Beast         Ice/Summ       13%        N/A       47%         4
 Flame Wave               Conj/Fire      7%         2d5       75%         4
 Sticky Flame             Conj/Fire      7%         2d3       75%         4
 Freezing Cloud           Conj/Ice/Air   6%         6-21      86%         5
 Arcjolt                  Conj/Air       3%         1d13      97%         5
 Alistair's Intoxication  Tmut/Pois      2%         N/A       99%         5
 Blade Hands              Tmut           2%         N/A       99%         5
 Ignition                 Fire           2%         3d3       100%        8
 Maxwell's Capacitive Co  Air            2%         ∞         100%        8


Dungeon Overview and Level Annotations

Branches:
Dungeon (15/15)            Temple (0/1) D:7            Lair (5/5) D:11
 Shoals (4/4) Lair:3       Spider (4/4) Lair:2        Slime (0/5) Lair:5
    Orc (2/2) D:12            Elf (0/3) Orc:2        Vaults (0/5) D:13
 Depths (0/4) D:15

Altars:
Dithmenos
Elyvilon
Fedhas
Nemelex Xobeh
Okawaru
Qazlal
Ru
Trog
Wu Jian
Xom
Yredelemnul
Zin
Jiyva

Shops:
Orc:2 [(!!!(   Shoals:1 (

Portals:
Abyss: D:11
Trove: D:14 (give 2 scrolls of acquirement)

Annotations:
D:4 3 runed translucent doors, zxspectator's ghost, amateur FoFi
D:10 2 transporters, Mortifus's ghost, journeyman TrMo
D:11 2 transporters, Josd's ghost, journeyman DrCj
D:12 3 runed translucent doors, dertzug's ghost, journeyman MfBe
Lair:2 1 runed translucent door, tykejmi's ghost, journeyman DsBe


Innate Abilities, Weirdness & Mutations

You cannot wear most types of armour.
You are amphibious.
You can wear up to eight rings at the same time.
Your skin changes colour to match your surroundings (Stealth+).
Your rubbery body absorbs attacks. (AC +1, EV +1)
You are camouflaged when in or above water. (Stealth+)
You have tentacles for arms and can constrict up to eight enemies at once.
Your magical capacity is low. (-10% MP)
Your natural rate of healing is unusually fast.
Your muscles are strong. (Str +4, Int/Dex -1)


Message History

You puncture the harpy! You grab the harpy.
The harpy is moderately wounded.
You constrict the harpy.
The manticore flicks its tail.
You block volley of spikes... and reflect it back!
The volley of spikes hits the manticore.
You puncture the harpy! You squeeze the harpy!
The harpy is almost dead.
You constrict the harpy. You block the harpy's attack.
The harpy completely misses you.
The merfolk avatar chants its luring song.
The merfolk hits you from afar with a +0 trident.
The merfolk hits you from afar with a +0 trident!
You puncture the harpy!
You kill the harpy!
Dithmenos accepts your kill.
The manticore flicks its tail.
The volley of spikes hits you!
The barbed spikes become lodged in your body.
The merfolk throws a boomerang.
You block the boomerang with an invisible shield... and reflect it back!
The boomerang hits the merfolk.
The merfolk avatar chants its luring song.
Things that are here:
a harpy corpse; a harpy corpse; a harpy corpse You hit the merfolk avatar.
Your grab misses the merfolk avatar. Your squeeze misses the merfolk avatar.
The merfolk avatar is almost dead.
Your shadow hits the merfolk avatar with a quick blade.
You are no longer entranced.
You kill the merfolk avatar!
Dithmenos accepts your kill.
The merfolk hits you from afar with a +0 trident!
* * * LOW HITPOINT WARNING * * *
The dream sheep shake their wool and sparkle.
You feel drowsy...
You fall asleep.
The merfolk throws a boomerang.
The boomerang hits you but does no damage.
The merfolk hits you from afar with a +0 trident!!
You die...

#≈.≈≈≈§§#§#~~≈≈≈≈≈≈≈≈≈≈≈≈≈
#≈..#≈§§§§#~~~≈≈≈≈≈≈≈≈≈≈≈≈
#~~..#§§#§~~~≈≈≈≈≈≈≈≈≈≈≈≈
#~~.§§#)~~~~≈≈≈≈≈≈≈≈≈≈≈≈
######~~)~~~≈≈≈≈≈≈≈≈≈≈≈≈
m~~~~~~~~m~~~~≈≈≈≈≈≈≈≈≈≈≈
H........~~~~~~~m†~~~~≈≈≈≈≈≈≈≈≈≈≈
.........~~~~~Y~†~~~~~≈≈≈≈≈≈≈≈≈≈≈
.........~~~~~Y~@~~~~≈≈≈≈≈≈≈≈≈≈≈≈
.......~Y~~~~~~~†~~~~≈≈≈≈
......~~~~~~~~~~~~~~~≈≈≈≈
......~≈~~~~~~H~~~~~~≈≈≈≈
.......~~~~~~~~~~~~~~≈≈≈≈
H......~~~~~~~~~~~~~~≈≈≈
.......~m~~~~~~~~~~~~~≈≈
.m.#..~~~~~~~~~~~~~~~~~~
##..~~~~~≈≈≈~~.


You could see 2 merfolk, a manticore (skewered) and 2 dream sheep.

Vanquished Creatures
  Arachne (Spider:4)
  Rupert (Lair:4)
  Jorgrun (Orc:1)
  Asterion (Spider:4)
  A kraken (Shoals:2)
  Gastronok (D:12)
  Frances (D:14)
  4 emperor scorpions
  A fire giant (D:15)
  5 ghost moths
  Louise (Spider:4)
  An ironbound preserver (D:13)
  A broodmother (Spider:4)
  4 spark wasps (Spider:4)
  Snorg (D:11)
  3 merfolk javelineers (Shoals:4)
  Josephine (Shoals:1)
  A fire dragon (Lair:5)
  2 entropy weavers
  4 merfolk impalers
  Fannar (Lair:1)
  7 hydras
  Harold (D:9)
  An alligator snapping turtle (Shoals:2)
  9 centaur warriors
  Erica (Lair:1)
  An ogre mage (D:15)
  A jorogumo (Spider:2)
  A radroach (Spider:2)
  8 boulder beetles
  2 satyrs (Shoals:2)
  5 merfolk avatars
  2 merfolk aquamancers
  4 death yaks (Lair:5)
  8 two-headed ogres
  Sonja (Orc:2)
  5 skysharks
  11 pharaoh ants
  2 sun moths (Spider:4)
  6 sea snakes
  A swamp dragon (Lair:5)
  9 orb spiders
  6 steelbarb worms
  Pikel (D:5)
  12 harpies
  4 orc knights
  3 deep elf pyromancers
  6 cyclopes
  11 manticores
  8 ugly things
  24 wolf spiders
  4 fauns (Shoals:2)
  An oklob plant (Orc:2)
  2 moths of wrath
  A salamander (shapeshifter) (D:15)
  2 orc sorcerers
  9 black mambas
  8 merfolk sirens
  26 elephants
  A guardian serpent (Lair:5)
  5 demonic crawlers
  Joseph (D:8)
  4 water nymphs
  13 cane toads
  7 torpor snails
  A gargoyle (D:11)
  An unseen horror zombie (D:7)
  A kobold demonologist (D:12)
  A freezing wraith (D:15)
  3 rime drakes
  2 unseen horrors
  Maggie (Lair:1)
  10 komodo dragons
  2 tengu conjurers (D:14)
  18 merfolk
  4 trolls
  15 meliai
  12 blink frogs
  4 hornets
  4 wind drakes
  30 tarantellas
  Prince Ribbit (D:6)
  Grinder (D:6)
  5 dream sheep
  2 snapping turtles
  26 jumping spiders
  Sigmund (D:2)
  12 slime creatures
  22 culicivoras
  48 yaks
  A shadow (D:10)
  10 wraiths
  6 water elementals
  15 wyverns
  4 basilisks
  A vampire (D:13)
  6 steam dragons
  7 vampire mosquitoes
  67 redbacks
  Menkaure (D:6)
  A warg (Orc:1)
  3 acid dragons
  23 water moccasins
  A sky beast (D:6)
  3 swamp drakes
  3 ice beasts
  34 orc warriors
  4 ogres
  22 centaurs
  18 wolves
  2 phantoms
  Blork the orc (D:5)
  9 bullfrogs
  A wyvern zombie (D:7)
  4 gnoll sergeants
  A scorpion (D:6)
  13 wights
  22 killer bees
  5 electric eels
  2 howler monkeys (D:7)
  2 centaur zombies (D:7)
  3 hounds
  4 jellies
  14 orc priests
  2 sleepcaps
  Jessica (D:2)
  2 hell rats (Lair:2)
  6 iguanas
  Natasha (thrice) (D:4)
  12 orc wizards
  Ijyb (D:5)
  2 killer bee zombies (D:7)
  Robin (D:2)
  22 gnolls
  A howler monkey zombie (D:7)
  2 adders
  6 river rats (Lair:2)
  4 white imps
  2 ufetubi
  2 worms
  A dart slug (D:4)
  84 orcs
  7 ball pythons
  7 endoplasms
  6 giant cockroaches
  13 goblins
  5 hobgoblins
  10 jackals
  A kobold (D:1)
  3 quokkas (D:3)
  8 bats
  3 rats
  A tentacle (Shoals:2)
1040 creatures vanquished.

Vanquished Creatures (collateral kills)
  A tentacle (Shoals:2)
1 creature vanquished.

Vanquished Creatures (others)
  A harpy (Shoals:4)
  A manticore (Shoals:4)
  A merfolk (Shoals:4)
  An orc warrior (Orc:2)
  4 goblins (D:2)
  10 tentacles
18 creatures vanquished.

Grand Total: 1059 creatures vanquished

Notes
Turn   | Place    | Note
-------+----------+-------------------------------------------
     0 | D:1      | klichko the Octopode Enchanter began the quest for the Orb.
     0 | D:1      | Reached XP level 1. HP: 11/11 MP: 3/3
   162 | D:1      | Reached XP level 2. HP: 17/17 MP: 5/5
   452 | D:1      | Reached XP level 3. HP: 21/21 MP: 6/6
   493 | D:1      | Learned a level 2 spell: Ensorcelled Hibernation
   742 | D:2      | Noticed Jessica
   746 | D:2      | Killed Jessica
   747 | D:2      | Reached skill level 5 in Stealth
   747 | D:2      | Reached XP level 4. HP: 27/27 MP: 7/7
   775 | D:2      | Noticed Sigmund
   780 | D:2      | Killed Sigmund
   781 | D:2      | Reached skill level 6 in Stealth
   781 | D:2      | Reached XP level 5. HP: 32/32 MP: 8/8
   830 | D:2      | Reached XP level 6. HP: 37/37 MP: 9/9
   836 | D:2      | Learned a level 3 spell: Tukima's Dance
   840 | D:2      | Learned a level 3 spell: Dazzling Flash
   874 | D:2      | Noticed Robin
   881 | D:2      | Reached skill level 7 in Stealth
   890 | D:2      | Killed Robin
  1052 | D:2      | Found a shimmering altar of Xom.
  1206 | D:2      | Identified a scroll of acquirement
  1206 | D:2      | Acquired the ring "Vonah" {*Slow rCorr AC+4 Str+2 Dex+3}
  2481 | D:4      | Noticed Natasha
  2489 | D:4      | Killed Natasha
  2610 | D:4      | Noticed Natasha
  2611 | D:4      | Killed Natasha
  2617 | D:4      | Reached skill level 1 in Fighting
  2617 | D:4      | Reached skill level 8 in Stealth
  2657 | D:4      | Found a runed translucent gate.
  2657 | D:4      | Found a runed translucent gate.
  2657 | D:4      | Found a runed translucent gate.
  2660 | D:4      | Noticed zxspectator's ghost (amateur FoFi)
  3051 | D:4      | Noticed Natasha
  3063 | D:4      | Killed Natasha
  3064 | D:4      | Reached XP level 7. HP: 27/43 MP: 10/10
  3278 | D:5      | Entered Level 5 of the Dungeon
  3330 | D:5      | Noticed Pikel
  3356 | D:5      | Killed Pikel
  3357 | D:5      | Reached skill level 9 in Stealth
  3357 | D:5      | Reached XP level 8. HP: 38/50 MP: 11/11
  3466 | D:5      | Reached skill level 10 in Stealth
  3466 | D:5      | Reached skill level 1 in Ice Magic
  3531 | D:5      | Noticed Ijyb
  3537 | D:5      | Killed Ijyb
  3631 | D:5      | Noticed Blork the orc
  3637 | D:5      | Killed Blork the orc
  3796 | D:5      | Found an ornate altar of the Wu Jian Council.
  3862 | D:5      | Found a white marble altar of Elyvilon.
  3863 | D:5      | Found a bloodstained altar of Trog.
  3863 | D:5      | Found a shadowy altar of Dithmenos.
  3863 | D:5      | Found an iron altar of Okawaru.
  3867 | D:5      | Found a sacrificial altar of Ru.
  3870 | D:5      | Found a sparkling altar of Nemelex Xobeh.
  3871 | D:5      | Found a blossoming altar of Fedhas.
  3874 | D:5      | Became a worshipper of Dithmenos the Shadowed
  4020 | D:6      | Noticed Prince Ribbit
  4038 | D:6      | Killed Prince Ribbit
  4039 | D:6      | Reached XP level 9. HP: 39/55 MP: 13/13
  4042 | D:6      | Reached skill level 11 in Stealth
  4047 | D:6      | Noticed Menkaure
  4151 | D:6      | Killed Menkaure
  4179 | D:6      | Reached skill level 5 in Short Blades
  4267 | D:6      | Reached skill level 5 in Hexes
  4479 | D:6      | Noticed Grinder
  4494 | D:6      | Reached skill level 12 in Stealth
  5092 | D:6      | Reached * piety under Dithmenos
  5223 | D:6      | Paralysed by Grinder for 3 turns
  5227 | D:6      | Killed Grinder
  5480 | D:7      | Found a staircase to the Ecumenical Temple.
  5575 | D:7      | Reached skill level 1 in Throwing
  5575 | D:7      | Reached skill level 13 in Stealth
  5575 | D:7      | Reached XP level 10. HP: 63/63 MP: 15/15
  5591 | D:7      | Found a basalt altar of Yredelemnul.
  5698 | D:7      | Reached skill level 5 in Dodging
  6370 | D:8      | Reached ** piety under Dithmenos
  6377 | D:8      | Reached skill level 14 in Stealth
  6533 | D:8      | Identified the scarf of the Stag {shadows, Int+4}
  6768 | D:8      | Acquired a +5 quick blade of protection
  6998 | D:8      | Noticed Joseph
  7012 | D:8      | Killed Joseph
  7099 | D:8      | Reached skill level 1 in Shields
  7567 | D:9      | Reached XP level 11. HP: 68/70 MP: 17/17
  7694 | D:9      | Reached skill level 15 in Stealth
  7791 | D:9      | Acquired the ring "Vareud" {rPois rC++ Int-3 Slay+6 Stlth-}
  7798 | D:9      | Noticed Harold
  7804 | D:9      | Killed Harold
  7839 | D:9      | Reached *** piety under Dithmenos
  8229 | D:10     | Entered Level 10 of the Dungeon
  8258 | D:10     | Noticed a two-headed ogre
  8265 | D:10     | Killed a two-headed ogre
  8266 | D:10     | Reached skill level 16 in Stealth
  8432 | D:10     | Noticed a two-headed ogre
  8437 | D:10     | Noticed a two-headed ogre
  8600 | D:10     | Found a transporter.
  8602 | D:10     | Found a transporter.
  8603 | D:10     | Noticed Mortifus's ghost (journeyman TrMo)
  8604 | D:10     | Noticed a two-headed ogre
  8605 | D:10     | Identified the +3 giant spiked club of Hepliaklqana's Whim
                  | {protect, SInv}
  8605 | D:10     | Identified the +0 great mace of Vanity {freeze, rPois
                  | Str+2}
  8605 | D:10     | Noticed a two-headed ogre
  8606 | D:10     | Noticed a two-headed ogre
  8685 | D:10     | Noticed a two-headed ogre
  8693 | D:10     | Killed a two-headed ogre
  8759 | D:10     | Reached skill level 17 in Stealth
  9039 | D:10     | Killed a two-headed ogre
  9164 | D:10     | Found a glowing silver altar of Zin.
  9428 | D:11     | Found a transporter.
  9444 | D:11     | Noticed Snorg
  9458 | D:11     | Killed Snorg
  9572 | D:11     | You fall into a shaft and drop 1 floor!
  9732 | D:12     | Noticed Gastronok
  9756 | D:12     | Killed Gastronok
  9757 | D:12     | Reached skill level 5 in Fighting
  9757 | D:12     | Reached XP level 12. HP: 74/77 MP: 19/19
  9777 | D:12     | Noticed a two-headed ogre
  9791 | D:12     | Noticed a boulder beetle
  9801 | D:11     | Noticed a boulder beetle
  9804 | D:11     | Killed a boulder beetle
  9805 | D:11     | Reached skill level 5 in Spellcasting
 10461 | D:11     | Reached **** piety under Dithmenos
 10493 | D:11     | HP: 2/77 [komodo dragon (7)]
 10954 | D:11     | Found a transporter.
 11139 | D:11     | Reached skill level 18 in Stealth
 11163 | D:11     | Found a one-way gate to the infinite horrors of the Abyss.
 11163 | D:11     | Noticed Josd's ghost (journeyman DrCj)
 11302 | D:11     | Found a staircase to the Lair.
 11591 | Lair:1   | Entered Level 1 of the Lair of Beasts
 11595 | Lair:1   | Reached skill level 1 in Conjurations
 11671 | Lair:1   | Noticed Maggie
 11688 | Lair:1   | Killed Maggie
 11976 | Lair:1   | Noticed Fannar
 11982 | Lair:1   | Reached skill level 19 in Stealth
 12015 | Lair:1   | Killed Fannar
 12015 | Lair:1   | Reached ***** piety under Dithmenos
 12016 | Lair:1   | Reached XP level 13. HP: 75/84 MP: 21/21
 12145 | Lair:1   | You fall into a shaft and drop 1 floor!
 12381 | Lair:1   | Noticed Erica
 12385 | Lair:1   | Killed Erica
 13018 | Lair:1   | Gained mutation: You do not regenerate when monsters are
                  | visible. [potion of mutation]
 13018 | Lair:1   | Gained mutation: One of your tentacles bears a spike.
                  | [potion of mutation]
 13019 | Lair:1   | Lost mutation: You do not regenerate when monsters are
                  | visible. [potion of mutation]
 13019 | Lair:1   | Lost mutation: One of your tentacles bears a spike. [potion
                  | of mutation]
 13019 | Lair:1   | Gained mutation: Your magical capacity is low. (-10% MP)
                  | [potion of mutation]
 13019 | Lair:1   | Gained mutation: Your natural rate of healing is unusually
                  | fast. [potion of mutation]
 13019 | Lair:1   | Gained mutation: Your muscles are strong. (Str +4, Int/Dex
                  | -1) [potion of mutation]
 13260 | Lair:2   | Reached skill level 1 in Invocations
 13339 | Lair:2   | Found a hole to the Spider Nest.
 13832 | Lair:2   | Found a runed translucent door.
 13833 | Lair:2   | Noticed tykejmi's ghost (journeyman DsBe)
 13833 | Lair:2   | Found the +8 arc blade {discharge, rElec}
 14063 | Lair:3   | Found a staircase to the Shoals.
 14073 | Lair:3   | Reached skill level 20 in Stealth
 14093 | Lair:3   | Acquired a +0 buckler of protection
 14570 | Lair:3   | Reached XP level 14. HP: 77/93 MP: 20/20
 14682 | Lair:3   | Reached skill level 5 in Shields
 15516 | Lair:4   | Noticed Rupert
 15521 | Lair:4   | Killed Rupert
 15677 | Lair:4   | Reached skill level 21 in Stealth
 16328 | D:12     | Reached ****** piety under Dithmenos
 16343 | D:12     | Found a staircase to the Orcish Mines.
 16413 | D:12     | Found a runed translucent gate.
 16413 | D:12     | Found a runed translucent gate.
 16413 | D:12     | Found a runed translucent gate.
 16414 | D:12     | Noticed dertzug's ghost (journeyman MfBe)
 17469 | D:13     | Reached skill level 10 in Short Blades
 17692 | D:13     | Found a stormy altar of Qazlal.
 17756 | D:13     | Found a gate to the Vaults.
 17756 | D:13     | Noticed an ironbound preserver
 17759 | D:13     | Reached skill level 22 in Stealth
 17763 | D:13     | Killed an ironbound preserver
 17865 | D:13     | Reached XP level 15. HP: 99/99 MP: 21/21
 17906 | D:14     | Reached skill level 5 in Invocations
 17948 | D:13     | Reached skill level 5 in Ice Magic
 17951 | D:13     | Reached XP level 16. HP: 106/106 MP: 22/22
 18034 | D:14     | Noticed Frances
 18041 | D:14     | Killed Frances
 18121 | D:14     | Found a portal to a secret trove of treasure.
 18283 | D:14     | Identified the +7 mace "Reddae" {heavy, rElec rF+ Will+
                  | Dex-2}
 18769 | D:14     | Reached skill level 23 in Stealth
 18868 | D:15     | Entered Level 15 of the Dungeon
 18895 | D:15     | Reached skill level 10 in Dodging
 19142 | D:15     | Found a staircase to the Depths.
 19507 | D:15     | Identified the +4 whip of Action {venom, Will+}
 20001 | Orc:1    | Entered Level 1 of the Orcish Mines
 20203 | Orc:2    | Entered Level 2 of the Orcish Mines
 20398 | Orc:2    | Noticed Sonja
 20405 | Orc:2    | Killed Sonja
 20543 | Orc:2    | Found a staircase to the Elven Halls.
 20572 | Orc:2    | Reached skill level 24 in Stealth
 20779 | Orc:2    | Found Kecsi's Antique Weapon Shoppe.
 20837 | Orc:2    | Found Gopsaur's Distillery.
 20837 | Orc:2    | Found Akhuil's Distillery.
 20839 | Orc:2    | Found Zobyropp's Distillery.
 20841 | Orc:2    | Found Farhueso's Weapon Emporium.
 21063 | Orc:2    | Bought a potion of heal wounds for 65 gold pieces
 21063 | Orc:2    | Bought a potion of curing for 39 gold pieces
 21063 | Orc:2    | Bought a potion of haste for 130 gold pieces
 21086 | Orc:2    | Found Reudurch's Armour Shoppe.
 21528 | Orc:1    | Noticed Jorgrun
 21535 | Orc:1    | Killed Jorgrun
 22025 | Lair:5   | Entered Level 5 of the Lair of Beasts
 22180 | Lair:5   | Found a viscous altar of Jiyva.
 22180 | Lair:5   | Found a staircase to the Slime Pits.
 22992 | Lair:5   | Reached XP level 17. HP: 111/111 MP: 23/23
 22998 | Lair:5   | Identified the +0 scale mail of Wimm {*Corrode Slay+3 SInv}
 23723 | Lair:5   | Reached skill level 25 in Stealth
 23866 | Shoals:1 | Entered Level 1 of the Shoals
 23882 | Shoals:1 | Noticed Josephine
 23903 | Shoals:1 | Killed Josephine
 23920 | Shoals:1 | Found Suzonlaann's Antique Weapon Shoppe.
 24891 | Shoals:2 | Noticed a kraken
 24930 | Shoals:2 | Killed a kraken
 24931 | Shoals:2 | Reached skill level 26 in Stealth
 26493 | Spider:1 | Entered Level 1 of the Spider Nest
 27638 | Spider:2 | Reached skill level 27 in Stealth
 27733 | Spider:2 | Reached XP level 18. HP: 118/118 MP: 24/24
 29119 | Spider:3 | Reached skill level 10 in Shields
 29450 | Spider:3 | Reached skill level 10 in Invocations
 29488 | Spider:3 | Identified the +0 pair of gloves of the Burning God {rC+
                  | Int+5}
 29660 | Spider:4 | Entered Level 4 of the Spider Nest
 29764 | Spider:4 | Identified the +0 pair of gloves "Piuw" {Stlth+}
 29932 | Spider:4 | Noticed Louise
 29961 | Spider:4 | Killed Louise
 30265 | Spider:4 | Reached skill level 10 in Fighting
 30275 | Spider:4 | Noticed Asterion
 30303 | Spider:4 | Killed Asterion
 30384 | Spider:4 | Got a gossamer rune of Zot
 30503 | Spider:4 | Noticed Arachne
 30533 | Spider:4 | Killed Arachne
 30802 | Spider:4 | Reached XP level 19. HP: 126/126 MP: 25/25
 31608 | Shoals:4 | Entered Level 4 of the Shoals
 31914 | Shoals:4 | Slain by a merfolk

Illustrated notes

Levels and vault maps discovered:
D:1:      spicycebolla_arrival_risky_transporter, layout_loops_ring
D:2:      layout_basic, basic_altar, uniq_robin, uniq_sigmund, uniq_jessica
D:3:      layout_basic, serial_curves, eino_curves_02, eino_curves_04
D:4:      layout_basic, gammafunk_ghost_necromancy, uniq_natasha
D:5:      layout_cave_pools, minitemple, uniq_pikel, uniq_ijyb,
          uniq_blork_the_orc
D:6:      layout_basic, uniq_grinder, uniq_menkaure, uniq_prince_ribbit1
D:7:      layout_basic, nicolae_yredelemnul_corpse_copse,
          minmay_temple_entry_slanted, chequers_avenue
D:8:      layout_basic, serial_bayou, serial_bayou_lagoon_a,
          serial_bayou_pond_d, serial_bayou_pond_e, serial_bayou_pond_e,
          serial_bayou_shore_b, uniq_joseph
D:9:      layout_loops_ring, uniq_harold
D:10:     layout_irregular_city, mainiacjoe_overflow_alcove_1,
          gammafunk_ghost_smash, kennysheep_small_circle
D:11:     layout_basic, erik_lair_dragon, gammafunk_ghost_abyssal_escape,
          grunt_decor_arrowhead, uniq_snorg
D:12:     layout_gridville, hiddenorc2_lemuel, gammafunk_ghost_nasty_kobolds,
          uniq_gastronok
D:13:     layout_cave_pools, skrybe_vaults_entry_preservation,
          nicolae_qazlal_general_emergency
D:14:     layout_basic, nicolae_twisting_strands, nicolae_trove_entry_isolated,
          uniq_frances
D:15:     grunt_enter_depths_giant_problem, layout_loops_ring, nicolae_wwwww
Lair:1:   layout_cave_shapes, uniq_maggie, uniq_fannar, uniq_erica
Lair:2:   layout_loops_ring, nicolae_spider_entry_lesser_pyramids,
          ebering_ghost_reflecting_pool, kennysheep_rathole,
          serial_bayou_shore_a, grunt_megastairs_4
Lair:3:   layout_cave_pods, nicolae_shoals_entry_roost, nicolae_lair_lil_pond,
          beast_lair_carwin_11, infiniplex_staircase_pool_2
Lair:4:   layout_cave_pods, uniq_rupert
Lair:5:   guppyfry_lair_end_dragon, layout_regular_city,
          hangedman_lair_tendril_chambers, slime_entry_1,
          infiniplex_staircase_pool, grunt_megastairs_2, lemuel_fruit_tree
Shoals:1: layout_shoals, serial_shops, shop, uniq_josephine
Shoals:2: layout_shoals
Shoals:3: layout_shoals
Shoals:4: shoals_end_hangedman, layout_shoals
Spider:1: layout_cave_pods, drop_trap, nicolae_spider_nooks_and_crannies
Spider:2: nicolae_spider_hilbert_zone_1 [nicolae_spider_hilbert_4_sides_1_open,
          nicolae_spider_hilbert_4_sides_1_open,
          nicolae_spider_hilbert_4_sides_1_open,
          nicolae_spider_hilbert_4_sides_1_open,
          nicolae_spider_hilbert_3_sides_1_open,
          nicolae_spider_hilbert_3_sides_1_open,
          nicolae_spider_hilbert_3_sides_1_open,
          nicolae_spider_hilbert_3_sides_1_open,
          nicolae_spider_hilbert_3_sides_1_open,
          nicolae_spider_hilbert_6_sides_1_open,
          nicolae_spider_hilbert_6_sides_1_open,
          nicolae_spider_hilbert_3_sides_1_open,
          nicolae_spider_hilbert_3_sides_1_open,
          nicolae_spider_hilbert_3_sides_1_open,
          nicolae_spider_hilbert_3_sides_1_open,
          nicolae_spider_hilbert_2_sides_1_open]
Spider:3: layout_spider_delve, nicolae_spider_checkerboard,
          hangedman_spider_tarantella_strand
Spider:4: grunt_spider_rune_parallel, nicolae_spider_bzzzt, uniq_asterion,
          uniq_arachne, uniq_louise
Orc:1:    layout_diamond_mine, uniq_jorgrun
Orc:2:    st_orc_rangers, layout_diamond_mine, serial_shops,
          nicolae_shop_just_a_little_nook, shop, mines3_lemuel, uniq_sonja

Skill      XL: |  1  2  3  4  5  6  7  8  9 10 11 12 13 14 15 16 17 18 19 |
---------------+----------------------------------------------------------+-----
Stealth        | 5 6 8 9 10 13 14 17 19 20 22 24 27 | 27.0
Hexes          | 4 5 7 |  7.7
Dodging        | 3 4 5 6 7 8 9 10 11 12 13 | 13.2
Fighting       | 1 2 3 4 5 6 7 8 9 10 | 10.2
Short Blades   | 2 3 4 6 7 8 9 10 11 | 11.7
Ice Magic      | 1 2 3 4 5 |  5.5
Spellcasting   | 3 4 5 6 |  6.2
Throwing       | 1 2 3 |  3.1
Shields        | 1 2 4 6 8 9 11 | 11.8
Conjurations   | 1 |  1.9
Invocations    | 1 4 5 6 8 10 11 | 11.2

Action                     |  1- 3 |  4- 6 |  7- 9 | 10-12 | 13-15 | 16-18 | 19-21 || total
---------------------------+-------+-------+-------+-------+-------+-------+-------++-------
  Melee: Dagger            |    39 |    83 |   137 |    93 |       |       |       ||   352
         Constrict         |    11 |    15 |    31 |    67 |    58 |   248 |    31 ||   461
         Tentacles         |     7 |    13 |    39 |   156 |   252 |   603 |    69 ||  1139
         Punch             |       |     1 |     1 |     9 |    16 |    34 |     2 ||    63
         Quick blade       |       |       |       |   477 |   707 |  1726 |   152 ||  3062
  Throw: Dart              |       |       |     7 |    10 |     8 |     7 |       ||    32
   Cast: Ensorcelled Hiber |     3 |     2 |    11 |    21 |     9 |     7 |       ||    53
         Dazzling Flash    |       |       |       |     5 |     1 |       |       ||     6
 Invoke: Shadow Step       |       |       |       |       |     1 |     3 |       ||     4
         Shadow Form       |       |       |       |       |       |     2 |       ||     2
    Use: Scroll            |     3 |     7 |     4 |    21 |     8 |     8 |     3 ||    54
         Potion            |       |     1 |     5 |       |     4 |     4 |    10 ||    24
   Stab: Sleeping          |    11 |    16 |    12 |    56 |    56 |   151 |     7 ||   309
         Invisible         |       |     5 |     9 |     3 |       |    38 |     4 ||    59
         Distracted        |       |     1 |     1 |     2 |     3 |    15 |     1 ||    23
         Confused          |       |       |       |       |       |     3 |       ||     3
 Armour: Skin              |     5 |     7 |    14 |    35 |    70 |   140 |    22 ||   293
  Dodge: Dodged            |    23 |    36 |    67 |   238 |   383 |   781 |   161 ||  1689
  Block: Other             |       |       |       |    60 |    26 |       |       ||    86
         Reflection        |       |       |       |     4 |       |    50 |    11 ||    65
         Buckler           |       |       |       |       |   157 |   768 |   122 ||  1047
